Map: 2000 Atmospheres LE

Players

Astrea

  • Race: Protoss Protoss

TriGGeR - Winner!

  • Race: Protoss Protoss

Event: DreamHack SC2 Masters 2021 Winter

VOD

Have the link to the VOD?

Description

Time

  • Played on: Oct. 5, 2021, 5:20 p.m.
  • Length: 10:59

All games in this series

Show
View Real Time Build Order
Export as new Build Order

Astrea Protoss 

Build Orders: Phoenix Opening 

Get SALT Encoding   

  12  0:00  Probe  
  13  0:12  Probe  
  14  0:17  Pylon  
  14  0:24  Probe (Chrono Boost)  
  15  0:36  Probe (Chrono Boost)  
  15  0:37  Gateway  
  16  0:43  Probe (Chrono Boost)  
  16  0:46  Assimilator  
  17  0:51  Probe  
  17  0:55  Assimilator  
  18  1:03  Probe (Chrono Boost)  
  19  1:06  Pylon  
  20  1:12  Probe (Chrono Boost)  
  20  1:17  Probe (Chrono Boost)  
  20  1:24  Cybernetics Core  
  21  1:29  Probe  
  21  1:31  Zealot  
  24  1:41  Probe  
  25  1:53  Probe  
  26  2:01  Warp Gate, Sentry (Chrono Boost)  
  28  2:10  Nexus  
  28  2:17  Pylon  
  28  2:19  Probe  
  29  2:26  Stalker (Chrono Boost)  
  31  2:35  Probe  
  32  2:45  Stargate  
  32  2:47  Probe  
  32  2:51  Shield Battery  
  32  2:59  Probe  
  33  3:11  Probe  
  34  3:20  Shield Battery  
  34  3:23  Probe (Chrono Boost)  
  34  3:24  Shield Battery  
  34  3:26  Probe (Chrono Boost)  
  36  3:28  Phoenix (Chrono Boost)  
  39  3:35  Probe (Chrono Boost)  
  39  3:40  Probe (Chrono Boost)  
  40  3:41  Probe (Chrono Boost)  
  40  3:44  Phoenix  
  40  3:48  Probe  
  44  3:50  Stalker, Probe  
  47  4:00  Probe  
  48  4:05  Probe  
  48  4:07  Twilight Council  
  48  4:09  Phoenix  
  49  4:16  Probe (Chrono Boost)  
  48  4:18  Probe (Chrono Boost)  
  49  4:30  Probe x2 (Chrono Boost)  
  51  4:31  Nexus  
  51  4:37  Charge (Chrono Boost)  
  51  4:38  Probe  
  52  4:40  Probe  
  53  4:47  Gateway  
  53  4:50  Robotics Facility  
  53  4:56  Pylon  
  53  4:59  Probe  
  54  5:04  Gateway  
  54  5:14  Probe x2  
  56  5:19  Gateway, Pylon  
  56  5:21  Zealot  
  56  5:25  Pylon  
  56  5:26  Probe x2  
  60  5:35  Observer  
  60  5:38  Probe x2  
  63  5:43  Zealot x2  
  63  5:44  Probe  
  63  5:49  Immortal (Chrono Boost)  
  68  5:50  Probe x2, Forge  
  68  5:56  Probe  
  75  6:02  Probe x2  
  72  6:08  Probe  
  71  6:14  Probe x2  
  68  6:26  Immortal (Chrono Boost), Protoss Ground Weapons Level 1 (Chrono Boost)  
  68  6:27  Probe  
  73  6:35  Probe  
  73  6:37  Probe  
  73  6:39  Probe  
  76  6:47  Probe  
  76  6:49  Probe  
  76  6:51  Probe  
  79  6:54  Zealot x3  
  79  6:55  Zealot  
  79  6:58  Pylon  
  87  7:02  Probe  
  87  7:03  Probe, Pylon  
  87  7:04  Pylon  
  87  7:07  Immortal (Chrono Boost)  
  89  7:14  Gateway  
  93  7:19  Gateway  
  93  7:29  Zealot  
  92  7:35  Zealot  
  92  7:36  Zealot x2  
  96  7:37  Pylon  
  96  7:38  Pylon  
  92  7:55  Warp Prism (Chrono Boost)  
  92  7:57  Zealot x4  
  100  7:59  Blink (Chrono Boost)  
  100  8:05  Gateway  
  102  8:07  Gateway, Assimilator  
  100  8:15  Observer  
  100  8:16  Zealot x2  
  100  8:17  Zealot x2, Shield Battery  
  100  8:18  Pylon  
  108  8:21  Zealot  
  104  8:42  Zealot  
  104  8:43  Zealot x5  
  104  8:45  Probe x3  
  117  8:49  Robotics Bay  
  117  9:07  Nexus  
  117  9:10  Zealot  
  117  9:11  Zealot x4  
  127  9:18  Probe x3  
  127  9:20  Shield Battery  
  120  9:35  Zealot x5  
  120  9:36  Zealot x2  
  120  9:37  Disruptor (Chrono Boost)  
  116  9:39  Probe x2  
  116  9:44  Robotics Facility  
  109  9:47  Zealot x5  
  109  9:48  Zealot x3  
  109  9:51  Probe  
  124  9:55  Probe  
  124  9:56  Probe  
  126  10:01  Pylon  
  126  10:03  Probe  
  126  10:05  Disruptor (Chrono Boost)  
  130  10:12  Probe  
  114  10:19  Zealot x5  
  114  10:20  Probe  
  86  10:31  Zealot x3  
  74  10:46  Zealot x2  
Show
View Real Time Build Order
Export as new Build Order

TriGGeR Protoss - Winner!

Build Orders: Oracle Opening, Blink Stalkers 

Get SALT Encoding   

  12  0:00  Probe  
  13  0:12  Probe  
  14  0:19  Pylon  
  14  0:24  Probe  
  15  0:39  Gateway, Probe (Chrono Boost)  
  16  0:47  Probe (Chrono Boost)  
  16  0:48  Assimilator  
  17  0:53  Probe (Chrono Boost)  
  18  1:05  Probe (Chrono Boost)  
  18  1:06  Assimilator  
  18  1:08  Pylon  
  19  1:13  Probe (Chrono Boost)  
  20  1:19  Probe  
  21  1:28  Zealot  
  21  1:29  Cybernetics Core  
  21  1:31  Probe  
  24  1:43  Probe  
  25  1:56  Probe  
  26  2:05  Nexus  
  26  2:08  Adept (Chrono Boost)  
  28  2:20  Stargate  
  28  2:24  Warp Gate  
  28  2:28  Probe  
  29  2:37  Pylon  
  29  2:40  Probe  
  29  2:52  Probe  
  30  3:04  Probe, Oracle (Chrono Boost)  
  34  3:11  Twilight Council  
  34  3:19  Probe (Chrono Boost)  
  34  3:21  Probe (Chrono Boost)  
  34  3:28  Probe (Chrono Boost)  
  34  3:29  Stalker  
  34  3:31  Probe (Chrono Boost)  
  34  3:33  Probe (Chrono Boost)  
  38  3:40  Pylon  
  38  3:41  Probe  
  40  3:43  Shield Battery  
  40  3:45  Probe  
  40  3:47  Blink (Chrono Boost)  
  41  3:53  Probe  
  42  3:57  Probe  
  42  3:59  Assimilator  
  42  4:01  Gateway  
  43  4:05  Probe  
  43  4:09  Probe  
  45  4:15  Dark Shrine  
  45  4:17  Gateway, Probe  
  45  4:23  Gateway  
  43  4:25  Probe  
  43  4:28  Stalker  
  43  4:31  Probe (Chrono Boost)  
  47  4:43  Probe (Chrono Boost)  
  47  4:44  Probe (Chrono Boost)  
  47  4:49  Probe (Chrono Boost)  
  47  4:51  Probe (Chrono Boost)  
  49  4:53  Stalker  
  49  4:56  Pylon  
  49  4:57  Probe  
  50  5:04  Probe  
  51  5:07  Stalker  
  53  5:16  Nexus  
  53  5:20  Probe  
  55  5:22  Shield Battery  
  55  5:25  Probe  
  55  5:28  Dark Templar x3  
  55  5:32  Probe  
  55  5:34  Shield Battery  
  62  5:42  Robotics Facility  
  62  5:43  Stalker  
  62  5:47  Probe, Forge  
  62  5:48  Probe  
  66  5:59  Probe  
  68  6:04  Probe  
  67  6:11  Probe, Protoss Ground Weapons Level 1 (Chrono Boost)  
  67  6:14  Charge (Chrono Boost)  
  67  6:16  Probe  
  66  6:20  Dark Templar  
  67  6:26  Gateway, Probe (Chrono Boost)  
  67  6:28  Gateway, Probe (Chrono Boost)  
  69  6:34  Observer (Chrono Boost), Probe (Chrono Boost)  
  69  6:35  Zealot x3  
  69  6:38  Probe (Chrono Boost)  
  69  6:39  Probe (Chrono Boost), Pylon  
  78  6:42  Probe (Chrono Boost)  
  78  6:43  Probe (Chrono Boost)  
  78  6:44  Photon Cannon  
  80  6:51  Probe  
  81  6:55  Gateway  
  81  7:02  Probe x2  
  81  7:03  Gateway  
  81  7:05  Zealot x3  
  81  7:06  Assimilator  
  81  7:07  Sentry  
  91  7:08  Pylon  
  91  7:21  Warp Prism  
  91  7:23  Pylon x2  
  91  7:24  Dark Templar  
  91  7:26  Pylon  
  93  7:32  Gateway  
  93  7:35  Gateway  
  93  7:38  Pylon  
  93  7:45  Photon Cannon  
  91  7:51  Zealot  
  91  7:52  Zealot x3  
  91  7:57  Zealot x3  
  105  7:59  Nexus  
  105  8:05  Templar Archives  
  105  8:16  Zealot  
  105  8:17  Zealot x5  
  117  8:22  Protoss Ground Weapons Level 2  
  117  8:24  Observer (Chrono Boost)  
  117  8:25  Pylon  
  118  8:34  Zealot  
  118  8:35  Zealot x2  
  121  8:41  Zealot x2  
  121  8:45  Pylon  
  121  8:47  Pylon x2  
  125  8:48  Pylon  
  123  9:01  High Templar  
  125  9:03  High Templar x3  
  125  9:04  Zealot  
  125  9:06  Pylon  
  125  9:07  Archon x2  
  125  9:08  Zealot x4  
  141  9:12  Probe x2  
  143  9:19  Probe  
  144  9:27  Photon Cannon, Zealot  
  144  9:31  Shield Battery  
  144  9:33  Zealot x5  
  144  9:38  Zealot x3  
  158  9:45  Photon Cannon  
  156  9:57  Zealot x6, Pylon  
  156  9:58  Pylon  
  168  10:00  Pylon  
  168  10:01  Zealot x3  
  167  10:15  Probe  
  167  10:19  Stalker x5  
  146  10:33  Zealot  
  146  10:34  Zealot x3  
  142  10:44  Stalker x3  

Tags
 
Add a new tag
Caveats
  • Supply blocks, unpowered buildings, or Contaminate may cause inaccurate times.
  • Supply counts are checked every 10 seconds.